 Dungeon Crawl Stone Soup version 0.32-a0-643-ga006e7742e (webtiles) character file.

Game seed: 3978803305417637929

16 Strat the Magician (level 2, -1/28 HPs)
             Began as an Oni Hedge Wizard on Mar 7, 2024.
             Slain by a ball python (3 damage)
             ... on level 1 of the Dungeon.
             The game lasted 00:02:31 (1016 turns).

Strat the Magician (Oni Hedge Wizard)               Turns: 1016, Time: 00:02:31

Health: -1/28      AC:  3    Str: 13    XL:     2   Next: 58%
Magic:  4/6        EV:  9    Int: 15    God:
Gold:   25         SH:  0    Dex:  8    Spells: 3/8 levels left

rFire   . . .        e - +0 mace
rCold   . . .        (no shield)
rNeg    . . .        b - +0 robe
rPois   .            c - +0 hat
rElec   .            (no cloak)
rCorr   .            (gloves unavailable)
SInv    .            (boots unavailable)
Will    .....        (no amulet)
Stlth   +            (no ring)
HPRegen 0.24/turn    (no ring)
MPRegen 0.10/turn

%: no passive effects
@: no status effects
A: large, unfitting armour, horns 1, tough skin 1, double potion healing,
drunken brawling
a: no special abilities


You were on level 1 of the Dungeon.
You visited 1 branch of the dungeon, and saw 2 of its levels.

You collected 25 gold pieces.

Inventory:

Hand Weapons
 a - a +0 dagger
 e - a +0 mace (weapon)
Armour
 b - a +0 robe (worn)
 c - a +0 hat (worn)
Jewellery
 g - an amulet of faith
Scrolls
 f - a scroll of identify {unknown}
 i - a scroll of poison {unknown}
 j - a scroll of blinking {unknown}
Potions
 h - a potion of enlightenment {unknown}


   Skills:
 * Level 1.6 Fighting
 * Level 1.2 Maces & Flails
 - Level 1.7 Dodging
 - Level 1.4 Stealth
 + Level 3.8 Spellcasting
 - Level 0.8 Conjurations
 - Level 0.8 Summonings
 - Level 0.8 Translocations


You had 3 spell levels left.
You knew the following spells:

 Your Spells              Type           Power      Damage    Failure   Level
a - Magic Dart            Conj           20%        1d4       13%         1
b - Blink                 Tloc           10%        N/A       21%         2
c - Call Imp              Summ           10%        N/A       21%         2

Your spell library contained the following spells:

 Spells                   Type           Power      Damage    Failure   Level
 Slow                     Hex            8%         N/A       19%         1
 Cigotuvi's Dreadful Rot  Necr/Alch/Air  4%         N/A       28%         2
 Mephitic Cloud           Conj/Alch/Air  3%         N/A       45%         3


Dungeon Overview and Level Annotations

Branches:
Dungeon (2/15)

Altars:


Innate Abilities, Weirdness & Mutations

You are too large for most types of armour.
You have a pair of small horns on your head.
You have tough skin. (AC +1)
You gain doubled healing and magic from potions.
Whenever you drink a healing potion, you attack all around you.


Message History

There is a stone staircase leading up here.
Found 7 stones.
Your magical contamination has completely faded away.
The orc attacks as it pursues you! The orc hits you with a +0 flail.
* * * LOW HITPOINT WARNING * * *
You take a swig of the potion and twirl your +0 mace.
You hit the orc.
The orc is almost dead.
Magic courses through your body. The orc hits you with a +0 flail.
* * * LOW HITPOINT WARNING * * *
Casting: Call Imp (safe; 21% risk of failure)
Confirm with . or Enter, or press ? or * to list all spells.
You miscast Blink.
You are very lightly contaminated with residual magic.
Nothing appears to happen.
The orc barely misses you.
Casting: Blink (safe; 21% risk of failure)
Confirm with . or Enter, or press ? or * to list all spells.
You blink.
The orc roars noisily.
The ball python attacks as it pursues you!
The ball python barely misses you.
You feel ready to blink again.
Your magical contamination has completely faded away.
The ball python bites you.
* * * LOW HITPOINT WARNING * * *
The ball python attacks as it pursues you!
The ball python closely misses you.
There is a stone staircase leading up here.
The ball python barely misses you.
You climb upwards.
There is a stone staircase leading down here.
You hit the ball python.
The ball python is severely wounded.
The ball python bites you.
* * * LOW HITPOINT WARNING * * *
The ball python closely misses you.
You closely miss the ball python.
The ball python is severely wounded.
The ball python bites you.
You die...

#.....##
#..............
#.#####
#####.........(....
#.#
#..(######.........
#.# #...#
#......... #.#
#...# #.........
#.#######...#
#.........
#.....>##...#
#......###
#....<.'#...#
#......#
#......#'S@.#
########
#########...# #####


You could see a ball python.

Vanquished Creatures
  2 orcs (D:2)
  2 goblins (D:1)
  A hobgoblin (D:1)
  A kobold (D:1)
  A quokka (D:1)
  3 ball pythons (D:1)
  A bat (D:1)
  2 frilled lizards (D:1)
  A rat (D:1)
14 creatures vanquished.

Notes
Turn   | Place    | Note
-------+----------+-------------------------------------------
     0 | D:1      | Strat the Oni Hedge Wizard began the quest for the Orb.
     0 | D:1      | Reached XP level 1. HP: 16/16 MP: 5/5
   262 | D:1      | Reached skill level 1 in Fighting
   342 | D:1      | Reached XP level 2. HP: 9/27 MP: 3/6
   419 | D:1      | Learned a level 2 spell: Blink
   422 | D:1      | Learned a level 2 spell: Call Imp
   534 | D:1      | Reached skill level 1 in Maces & Flails
   998 | D:2      | HP: 1/28 [orc/+0 flail (5)]
  1016 | D:1      | Slain by a ball python

Illustrated notes

Levels and vault maps discovered:
D:1:      dpeg_arrival_connections, layout_basic, minmay_tetromino_l4
D:2:      layout_basic

Skill      XL: |  1  2 |
---------------+-------+-----
Fighting       | 1 |  1.6
Maces & Flails | 1 |  1.2
Dodging        | |  1.7
Stealth        | |  1.4
Spellcasting   | |  3.8
Conjurations   | |  0.8
Summonings     | |  0.8
Translocations | |  0.8

Action                     || total
---------------------------++-------
  Melee: Mace              ||    40
   Cast: Magic Dart        ||    18
         Blink             ||     1
    Use: Potion            ||     1
 Armour: Robe              ||    39
  Dodge: Dodged            ||    42

Table legend: (Time is in decaauts)
 A = Elapsed time spent in this place.
 B = Non-inter-level travel time spent in this place.
 C = Inter-level travel time spent in this place.
 D = Time resting spent in this place.
 E = Time spent auto-exploring this place.
 F = Levels seen in this place.
 G = Mean time per level.
                   A        B        C        D        E       F      G
               +--------+--------+--------+--------+--------+-----+--------+
         Total |   1030 |    964 |     66 |    133 |    589 |   2 |  515.0 |
       Dungeon |   1030 |    964 |     66 |    133 |    589 |   2 |  515.0 |
               +--------+--------+--------+--------+--------+-----+--------+

Top non-repeatable levels by time:
     D:1: 887 daAuts
     D:2: 143 daAuts
